 Dungeon Crawl Stone Soup version 0.31-a0-726-g3c93526463 (webtiles) character file.

Game seed: 5949433602002353700

3071 Jonik01 the Cleaver (level 9, -8/80 HPs)
             Began as a Minotaur Fighter on Sept 6, 2023.
             Mangled by an orc warrior
             ... wielding a +0 war axe
              (19 damage)
             ... in a bailey on Sept 11, 2023.
             The game lasted 00:30:59 (4256 turns).

Jonik01 the Cleaver (Minotaur Fighter)              Turns: 4256, Time: 00:30:59

Health: -8/80      AC: 16    Str: 26    XL:     9   Next: 58%
Magic:  8/8        EV: 12    Int:  5    God:
Gold:   163        SH:  0    Dex:  9    Spells: 8/8 levels left

rFire   . . .        g - +7 war axe of the Orb {drain, Fly}
rCold   . . .        q - orb {mayhem}
rNeg    . . .        e - +1 plate armour
rPois   +            (helmet restricted)
rElec   .            (no cloak)
rCorr   .            (no gloves)
SInv    .            l - +0 pair of boots
Will    .....        (no amulet) Stlth
                     k - +5 ring of evasion
HPRegen 0.33/turn    x - ring of poison resistance
MPRegen 0.11/turn

%: mayhem
@: mighty, flying, invisible
A: horns 2, retaliatory headbutt
a: no special abilities


You were in a bailey.
You visited 2 branches of the dungeon, and saw 9 of its levels.
You also visited: Sewer and Bailey.

You collected 163 gold pieces.

Inventory:

Hand Weapons
 a - a +0 war axe
 f - a +4 dagger
 g - the +7 war axe of the Orb (weapon) {drain, Fly}
   (You found it on level 2 of the Dungeon)

   Fly:       It grants you flight.
Armour
 b - a +0 scale mail
 c - a +0 buckler
 e - a +1 plate armour (worn)
 l - a +0 pair of boots (worn)
 q - an orb of mayhem (worn)
 t - a +0 helmet
Jewellery
 k - a +5 ring of evasion (left hand)
 x - a ring of poison resistance (right hand)
Wands
 h - a wand of charming (12)
 j - a wand of quicksilver (4)
 v - a wand of mindburst (17)
Scrolls
 i - 2 scrolls of teleportation
 u - a scroll of identify
Potions
 d - a potion of might
 m - a potion of mutation {unknown}
 o - a potion of invisibility
 p - 2 potions of heal wounds {unknown}
 r - 3 potions of attraction
 s - a potion of ambrosia
 w - 2 potions of enlightenment {unknown}
 z - 2 potions of curing {unknown}


   Skills:
 + Level 7.7 Fighting
 + Level 1.0 Short Blades
 + Level 11.6 Axes
 + Level 9.0 Armour
 + Level 0.2 Stealth
 + Level 4.9 Shields
 + Level 0.1 Evocations


You had 8 spell levels left.
You didn't know any spells.
Your spell library contained the following spells:

 Spells                   Type           Power      Damage    Failure   Level
 Freeze                   Ice            0%         1d3       99%         1
 Blink                    Tloc           0%         N/A       100%        2
 Lesser Beckoning         Tloc           0%         N/A       100%        2
 Momentum Strike          Conj/Tloc      0%         3d8       100%        2
 Wereblood                Tmut           0%         N/A       100%        2
 Frozen Ramparts          Ice            0%         1d1       100%        3
 Hailstorm                Conj/Ice       0%         3d3       100%        3
 Irradiate                Conj/Tmut      0%         3d11      100%        5


Dungeon Overview and Level Annotations

Branches:
Dungeon (8/15)             Temple (1/1) D:4           Sewer (visited)
 Bailey (1/1)
   Lair: D:8-11

Altars:
Ashenzari
Cheibriados
Dithmenos
Elyvilon
Fedhas
Gozag
Hepliaklqana
Kikubaaqudgha
Makhleb
Nemelex Xobeh
Okawaru
Qazlal
Ru
Sif Muna
Trog
Uskayaw
Vehumet
Wu Jian
Xom
Yredelemnul
Zin
The Shining One


Innate Abilities, Weirdness & Mutations

You have a pair of horns on your head.
You reflexively headbutt those who attack you in melee.


Message History

The orc warrior hits the hobgoblin with a +0 war axe!
The hobgoblin dies!
The orc knight hits you with a +0 battleaxe!!
The orc warrior shouts!
Your Axes skill increases to level 11!
You slash the orc knight! You drain the orc knight.
The orc knight is heavily wounded.
You hit the orc warrior. The orc knight completely misses you.
The orc knight hits the orc warrior with a +0 battleaxe!
The orc warrior hits the orc warrior with a +0 war axe!
The orc warrior hits you but does no damage.
The orc warrior hits the orc knight with a +0 war axe!
Unknown command.
You slice the orc knight!! You drain the orc knight.
You kill the orc knight!
You slash the orc warrior! You drain the orc warrior.
You kill the orc warrior!
The orc warrior flies into a frenzy!
Your Armour skill increases to level 9!
Unknown command.
You barely miss the orc warrior.
The orc warrior is moderately wounded.
The orc warrior hits you but does no damage.
The orc warrior hits you with a +0 war axe.
Unknown command.
You miss the orc warrior. Your headbutt misses the orc warrior.
The orc warrior is moderately wounded.
The orc warrior misses you.
Unknown command.
You completely miss the orc warrior.
The orc warrior is moderately wounded.
The orc warrior hits you with a +0 war axe!
* * * LOW HITPOINT WARNING * * *
The orc warrior hits you with a +0 war axe!
* * * LOW HITPOINT WARNING * * *
You fade into invisibility!
The orc warrior hits you but does no damage.
The orc warrior misses you.
The orc warrior hits you with a +0 war axe!!
You die...

### ## ###.### ###.
###.....### ###...
##.........###.....
#..........)#).....
#..........))......
#.....⌠.....#)....⌠
#.@......)..#......
#.o.........#......
##.........###.....
#'#.....### ###...
#...))###.### ###.
#!.....). ### ##
??....)... #
!.........8 #
∩....⌠.....+ #


You could see a neutral orc warrior (fast, strong, frenzied, unable to see you).

Vanquished Creatures
  An orc knight (Bailey)
  Prince Ribbit (D:5)
  A steam dragon (D:7)
  2 sky beasts
  A black bear (D:8)
  10 orc warriors
  An ogre (D:4)
  2 kobold brigands (Sewer)
  A bullfrog (D:8)
  A gnoll sergeant (D:5)
  A scorpion (D:2)
  4 wights (D:7)
  A jelly (D:7)
  2 orc priests (D:7)
  2 sleepcaps
  2 iguanas
  An orc wizard (D:7)
  5 adders
  6 gnolls
  A shadow imp (D:7)
  10 orcs
  4 endoplasms
  5 giant cockroaches
  10 goblins
  8 hobgoblins
  16 kobolds
  2 quokkas
  6 ball pythons
  A bat (Sewer)
  2 frilled lizards
  4 rats
114 creatures vanquished.

Vanquished Creatures (collateral kills)
  A scorpion (D:5)
  4 gnolls
  3 orcs
  5 goblins (Bailey)
13 creatures vanquished.

Vanquished Creatures (others)
  2 orcs (D:7)
  A hobgoblin (Bailey)
3 creatures vanquished.

Grand Total: 130 creatures vanquished

Notes
Turn   | Place    | Note
-------+----------+-------------------------------------------
     0 | D:1      | Jonik01 the Minotaur Fighter began the quest for the Orb.
     0 | D:1      | Reached XP level 1. HP: 19/19 MP: 0/0
   176 | D:1      | Reached XP level 2. HP: 16/27 MP: 1/1
   380 | D:2      | Identified the +7 war axe of the Orb {drain, Fly}
   477 | D:2      | Reached XP level 3. HP: 33/33 MP: 2/2
   599 | D:2      | Reached skill level 3 in Axes
   781 | D:2      | Noticed a scorpion
   788 | D:2      | Killed a scorpion
   789 | D:2      | Reached XP level 4. HP: 33/41 MP: 3/3
  1031 | D:2      | Reached XP level 5. HP: 47/47 MP: 4/4
  1352 | D:3      | Found a radiant altar of Vehumet.
  1387 | D:3      | Found a white marble altar of Elyvilon.
  1817 | D:4      | Reached skill level 4 in Axes
  1888 | D:4      | Noticed an ogre
  1894 | D:4      | Killed an ogre
  1895 | D:4      | Reached skill level 5 in Fighting
  1895 | D:4      | Reached skill level 1 in Short Blades
  1895 | D:4      | Reached XP level 6. HP: 56/56 MP: 5/5
  2034 | D:4      | Found a staircase to the Ecumenical Temple.
  2042 | D:4      | Reached skill level 5 in Axes
  2109 | Temple   | Entered the Ecumenical Temple
  2199 | D:5      | Entered Level 5 of the Dungeon
  2209 | D:5      | Found a glowing drain.
  2227 | Sewer    | Entered a sewer
  2385 | Sewer    | Reached skill level 5 in Armour
  2709 | D:5      | Reached skill level 6 in Axes
  2709 | D:5      | Reached XP level 7. HP: 47/61 MP: 6/6
  2799 | D:5      | Noticed Prince Ribbit
  2816 | D:5      | Killed Prince Ribbit
  2817 | D:5      | Reached skill level 7 in Axes
  2888 | D:5      | Found a snail-covered altar of Cheibriados.
  2991 | D:7      | Reached skill level 8 in Axes
  3050 | D:7      | Reached XP level 8. HP: 43/70 MP: 7/7
  3313 | D:7      | Upgraded the game from 0.31-a0-690-g7ce4588941 to
                  | 0.31-a0-726-g3c93526463
  3634 | D:7      | Reached skill level 9 in Axes
  3916 | D:8      | Reached skill level 10 in Axes
  3946 | D:8      | Found a flagged portal.
  3962 | Bailey   | Entered a bailey
  4011 | Bailey   | Reached XP level 9. HP: 64/78 MP: 8/8
  4240 | Bailey   | Noticed an orc knight
  4248 | Bailey   | Reached skill level 11 in Axes
  4249 | Bailey   | Killed an orc knight
  4256 | Bailey   | Mangled by an orc warrior

Illustrated notes

Levels and vault maps discovered:
D:1:      tarquinn_simple_flora_water_b, layout_rooms, serial_shops, shop,
          minmay_quantized
D:2:      layout_basic
D:3:      layout_basic, nicolae_overflow_hidden_temple, lemuel_round_altar,
          dk_noncrumbling_2, minivault_19, minmay_misc_feat_rows
D:4:      layout_layer_cave, temple_fountains
D:5:      layout_loops_ring, general_overflow_altar, gup_sewer_entry_glass,
          uniq_sigmund, uniq_prince_ribbit1
D:6:      layout_basic, gammafunk_ghost_hive
D:7:      layout_loops_ring, nicolae_ossuary_entry_plus
D:8:      layout_layer_cave, enter_bailey_2, serial_shops, shop
Temple:   compressed_dpeg_triangle_lava_temple
Bailey:   bailey_axe_minmay_hex_keep, bailey

Skill      XL: |  1  2  3  4  5  6  7  8  9 |
---------------+----------------------------+-----
Shields        | 4 |  4.9
Fighting       | 4 5 6 7 |  7.7
Armour         | 4 5 6 8 9 |  9.0
Axes           | 3 4 6 8 10 11 | 11.6
Short Blades   | 1 |  1.0
Stealth        | |  0.2
Evocations     | |  0.1

Action                     |  1- 3 |  4- 6 |  7- 9 || total
---------------------------+-------+-------+-------++-------
  Melee: War axe           |    34 |    75 |   105 ||   214
         Headbutt          |    10 |     6 |    15 ||    31
         Dagger            |     5 |       |       ||     5
  Evoke: Wand              |       |       |     1 ||     1
    Use: Scroll            |     3 |     4 |     1 ||     8
         Potion            |     1 |     1 |     3 ||     5
 Armour: Scale mail        |    11 |       |       ||    11
         Skin              |     2 |       |       ||     2
         Plate armour      |    23 |    47 |    91 ||   161
  Dodge: Dodged            |    13 |    23 |    77 ||   113
  Block: Buckler           |     9 |     9 |       ||    18

Table legend: (Time is in decaauts)
 A = Elapsed time spent in this place.
 B = Non-inter-level travel time spent in this place.
 C = Inter-level travel time spent in this place.
 D = Time resting spent in this place.
 E = Time spent auto-exploring this place.
 F = Levels seen in this place.
 G = Mean time per level.
                   A        B        C        D        E       F      G
               +--------+--------+--------+--------+--------+-----+--------+
         Total |   4260 |   4258 |      2 |   1079 |     32 |  11 |  387.3 |
       Dungeon |   3462 |   3460 |      2 |    771 |     32 |   8 |  432.8 |
        Temple |     69 |     69 |      0 |      0 |      0 |   1 |   69.0 |
         Sewer |    436 |    436 |      0 |    133 |      0 |   1 |  436.0 |
        Bailey |    293 |    293 |      0 |    175 |      0 |   1 |  293.0 |
               +--------+--------+--------+--------+--------+-----+--------+

Top non-repeatable levels by time:
     D:2: 1142 daAuts
     D:7: 899 daAuts
     D:4: 517 daAuts
   Sewer: 436 daAuts
  Bailey: 293 daAuts
     D:5: 279 daAuts
     D:3: 266 daAuts
     D:1: 209 daAuts
     D:8: 81 daAuts
  Temple: 69 daAuts
     D:6: 65 daAuts
